 Dungeon Crawl Stone Soup version 0.31-a0-152-g6aa68a64a1 (webtiles) character file.

Game seed: 11677091196375906437

1299 qw the Skirmisher (level 8, 0/74 HPs)
             Began as a Naga Hunter on June 11, 2023.
             Slain by Pikel
             ... wielding a +2 whip of freezing
              (1 damage)
             ... on level 6 of the Dungeon.
             The game lasted 00:01:50 (4591 turns).

qw the Skirmisher (Naga Hunter)                     Turns: 4591, Time: 00:01:51

Health: 0/74       AC:  8    Str: 14    XL:     8   Next: 56%
Magic:  8/8        EV: 10    Int: 10    God:
Gold:   309        SH:  0    Dex: 16    Spells: 7/7 levels left

rFire   . . .        Y - +0 shortbow
rCold   . . .        (shield currently unavailable)
rNeg    . . .        c - +0 leather armour
rPois   +            l - +0 helmet
rElec   .            k - +0 cloak
rCorr   .            e - +1 pair of gloves
SInv    +            (no barding)
Will    +....        (no amulet)
Stlth   ++           (no ring)
HPRegen 0.32/turn    (no ring)
MPRegen 0.11/turn

%: no passive effects
@: very slow
A: AC +2, large, see invisible, deformed body, poison resistance, slowness 2,
spit poison 1, naga tail 1
a: Spit Poison


You were on level 6 of the Dungeon.
You visited 1 branch of the dungeon, and saw 6 of its levels.

You collected 309 gold pieces.


Innate Abilities, Weirdness & Mutations

Your serpentine skin is tough. (AC +2)
You have supernaturally acute eyesight. (SInv)
Armour fits poorly on your strangely shaped body.
Your system is resistant to poisons. (rPois)
You cover ground very slowly.
You can spit poison.
You have a snake-like lower body.


   Skills:
 - Level 5.2 Fighting
 + Level 8.6 Ranged Weapons
 - Level 1.3 Armour
 - Level 2.0 Dodging
 - Level 1.5 Stealth


You had 7 spell levels left.
You didn't know any spells.
Your spell library was empty.

Inventory:

Hand Weapons
 Y - a +0 shortbow (weapon)
Armour
 c - a +0 leather armour (worn)
 e - a +1 pair of gloves (worn)
 k - a +0 cloak (worn)
 l - a +0 helmet (worn)
Potions
 b - a potion of heal wounds {unknown}
 d - 2 potions of curing
 f - a potion of mutation {unknown}
 g - a potion of enlightenment {unknown}
 h - 2 potions of haste {unknown}
 i - a potion of brilliance {unknown}
 j - a potion of invisibility {unknown}
 m - a potion of ambrosia {unknown}

Dungeon Overview and Level Annotations

Branches:
Dungeon (6/15)
 Temple: D:4-7

Altars:
Cheibriados
Fedhas
Hepliaklqana
Vehumet
Xom

Annotations:
D:4 Edmund
D:5 3 runed translucent doors, qw's ghost, novice MiHu
D:6 Menkaure; Pikel


Message History

Aiming: Spit Poison (1% risk of failure)
Press: ? - help, Shift-Dir - straight line, f/p - kobold brigand The splash of poison misses the kobold brigand.
Your surroundings suddenly seem different.
Menkaure, Prince of Dust comes into view.
Found 7 stones.
Found an escape hatch in the ceiling.
Menkaure casts a spell.
Menkaure seems to speed up.
Enter note:
Enter note: You shoot an arrow.
The arrow hits Menkaure!
Menkaure is moderately damaged.
You shoot an arrow.
Pikel shouts!
The arrow hits Pikel but does no damage.
You hear a shout! x2; You hear an angry hiss.
You shoot an arrow.
The arrow hits Pikel but does no damage.
You shoot an arrow. The arrow closely misses Pikel.
You have got your breath back.
Menkaure casts a spell at you. Pain shoots through your body!
4588 ||| INVOKING Spit Poison.
Aiming: Spit Poison (1% risk of failure)
Press: ? - help, Shift-Dir - straight line, f/p - Pikel The splash of poison hits Pikel but does no damage.
Pikel is poisoned.
A lemure comes into view.
Pikel drinks a potion.
Pikel seems to grow stronger.
You shoot an arrow. The arrow hits Menkaure.
Menkaure is heavily damaged.
You shoot an arrow. The arrow hits Menkaure.
Menkaure is heavily damaged.
Menkaure hits you!
You shoot an arrow. The arrow hits Menkaure.
Menkaure is severely damaged.
You have got your breath back.
Pikel hits you with a +2 whip of freezing.
Pikel freezes you.
You die...

...... ##.... .....
..... .... .... ...#..(
..... ... #M# #@#
#.K....# #...........
#...<.......
........K#5..........
##.....o..............
###.?......#..##.......#
.#.........##. ..##...##
.......K....


You could see Pikel (strong, poisoned), a lemure and Menkaure (fast).

Vanquished Creatures
  Grinder (D:3)
  A water moccasin (D:4)
  2 ogres (D:5)
  2 scorpions
  2 bullfrogs (D:6)
  3 hounds (D:4)
  3 orc priests
  Jessica (D:3)
  3 iguanas
  Natasha (thrice) (D:3)
  An orc wizard (D:4)
  Robin (D:3)
  7 adders
  A white imp (D:6)
  An ufetubus (D:6)
  A worm (D:3)
  2 dart slugs
  24 orcs
  6 endoplasms
  A giant cockroach (D:4)
  15 goblins
  9 hobgoblins
  A jackal (D:2)
  6 kobolds
  3 quokkas
  6 ball pythons
  7 bats
  4 frilled lizards
  7 rats
124 creatures vanquished.

Notes
Turn   | Place    | Note
-------+----------+-------------------------------------------
     0 | D:1      | qw the Naga Hunter began the quest for the Orb.
     0 | D:1      | Reached XP level 1. HP: 19/19 MP: 1/1
     0 | D:1      | 0 ||| qw: Version: 0.2-a-29-gdad1ea2
     0 | D:1      | 0 ||| qw: Game counter: 4073
     0 | D:1      | 0 ||| qw: Always use a shield: true
     0 | D:1      | 0 ||| qw: God list: Okawaru
     0 | D:1      | 0 ||| qw: Allow faded altars: false
     0 | D:1      | 0 ||| qw: Do Orc after D:15 true
     0 | D:1      | 0 ||| qw: Do second Lair branch before Depths: true
     0 | D:1      | 0 ||| qw: Lair rune preference: random
     0 | D:1      | 0 ||| qw: Plans: Normal
     0 | D:1      | 0 ||| PLANNING D:1-11
    12 | D:1      | 12 ||| INVOKING Spit Poison.
    17 | D:1      | 17 ||| INVOKING Spit Poison.
    20 | D:1      | 20 ||| INVOKING Spit Poison.
    68 | D:1      | 68 ||| INVOKING Spit Poison.
    69 | D:1      | Reached skill level 4 in Ranged Weapons
    69 | D:1      | Reached XP level 2. HP: 26/26 MP: 2/2
   119 | D:1      | 119 ||| INVOKING Spit Poison.
   122 | D:1      | 122 ||| INVOKING Spit Poison.
   175 | D:1      | 175 ||| INVOKING Spit Poison.
   232 | D:1      | 232 ||| INVOKING Spit Poison.
   249 | D:1      | 249 ||| INVOKING Spit Poison.
   286 | D:1      | 286 ||| INVOKING Spit Poison.
   409 | D:1      | 409 ||| READING 2 scrolls labelled QEGOAT NORUISCH.
   414 | D:1      | 414 ||| READING scroll labelled RIPTAS CIEFEU.
   418 | D:1      | 418 ||| READING scroll labelled KYTUFI JIURE.
   419 | D:1      | 419 ||| READING scroll labelled COIRRI OTRUYFE.
   420 | D:1      | 420 ||| DRINKING 2 orange potions.
   421 | D:1      | 421 ||| DROPPING scroll of butterflies.
   425 | D:1      | 425 ||| DROPPING potion of degeneration.
   456 | D:2      | 456 ||| INVOKING Spit Poison.
   457 | D:2      | 457 ||| INVOKING Spit Poison.
   460 | D:2      | 460 ||| INVOKING Spit Poison.
   466 | D:2      | 466 ||| INVOKING Spit Poison.
   467 | D:2      | Reached XP level 3. HP: 25/32 MP: 3/3
   505 | D:2      | 505 ||| INVOKING Spit Poison.
   509 | D:2      | 509 ||| INVOKING Spit Poison.
   586 | D:2      | 586 ||| INVOKING Spit Poison.
   616 | D:2      | 616 ||| INVOKING Spit Poison.
   662 | D:2      | 662 ||| INVOKING Spit Poison.
   667 | D:2      | 667 ||| INVOKING Spit Poison.
   861 | D:2      | 861 ||| INVOKING Spit Poison.
   862 | D:2      | Reached skill level 5 in Ranged Weapons
   862 | D:2      | Reached XP level 4. HP: 39/39 MP: 4/4
   866 | D:2      | 866 ||| INVOKING Spit Poison.
   954 | D:2      | Found a faded altar of an unknown god.
  1158 | D:2      | 1158 ||| INVOKING Spit Poison.
  1211 | D:2      | 1211 ||| UPGRADING to +0 pair of gloves.
  1216 | D:2      | 1216 ||| UPGRADING to +0 cloak.
  1221 | D:2      | 1221 ||| READING scroll labelled AKLYRU XAUPP.
  1322 | D:2      | 1322 ||| READING scroll labelled WOOFUH VASSIGO.
  1323 | D:2      | 1323 ||| READING scroll labelled ERCHOT SETENK.
  1324 | D:2      | 1324 ||| READING scroll labelled GADIAPR WURUISS.
  1325 | D:2      | 1325 ||| READING scroll labelled IGENAI QETE.
  1326 | D:2      | 1326 ||| READING scroll labelled JEYLYI IDEA.
  1356 | D:3      | 1356 ||| INVOKING Spit Poison.
  1368 | D:3      | Noticed Jessica
  1370 | D:3      | Noticed Natasha
  1371 | D:3      | 1371 ||| Stepping ~*~*~tactically~*~*~ (outnumbered).
  1374 | D:3      | 1374 ||| INVOKING Spit Poison.
  1376 | D:3      | Killed Jessica
  1397 | D:3      | 1397 ||| INVOKING Spit Poison.
  1398 | D:3      | Killed Natasha
  1399 | D:3      | Reached skill level 3 in Fighting
  1399 | D:3      | Reached XP level 5. HP: 49/49 MP: 5/5
  1406 | D:3      | 1406 ||| INVOKING Spit Poison.
  1445 | D:3      | 1445 ||| INVOKING Spit Poison.
  1471 | D:3      | 1471 ||| INVOKING Spit Poison.
  1489 | D:3      | 1489 ||| INVOKING Spit Poison.
  1493 | D:3      | 1493 ||| INVOKING Spit Poison.
  1496 | D:3      | 1496 ||| INVOKING Spit Poison.
  1499 | D:3      | 1499 ||| INVOKING Spit Poison.
  1503 | D:3      | 1503 ||| INVOKING Spit Poison.
  1508 | D:3      | 1508 ||| INVOKING Spit Poison.
  1570 | D:3      | 1570 ||| INVOKING Spit Poison.
  1572 | D:3      | Noticed Robin
  1573 | D:3      | 1573 ||| INVOKING Spit Poison.
  1576 | D:3      | 1576 ||| Stepping ~*~*~tactically~*~*~ (outnumbered).
  1579 | D:3      | 1579 ||| INVOKING Spit Poison.
  1585 | D:3      | 1585 ||| INVOKING Spit Poison.
  1589 | D:3      | 1589 ||| INVOKING Spit Poison.
  1590 | D:3      | Killed Robin
  1610 | D:3      | 1610 ||| INVOKING Spit Poison.
  1674 | D:3      | Noticed Natasha
  1677 | D:3      | 1677 ||| INVOKING Spit Poison.
  1680 | D:3      | Killed Natasha
  1692 | D:3      | Found a shimmering altar of Xom.
  1744 | D:3      | Noticed Grinder
  1746 | D:3      | 1746 ||| INVOKING Spit Poison.
  1751 | D:3      | 1751 ||| Stepping ~*~*~tactically~*~*~ (outnumbered).
  1762 | D:3      | Killed Grinder
  1763 | D:3      | Reached skill level 6 in Ranged Weapons
  1763 | D:3      | Reached XP level 6. HP: 22/56 MP: 6/6
  1763 | D:3      | 1763 ||| INVOKING Spit Poison.
  1766 | D:3      | 1766 ||| INVOKING Spit Poison.
  1884 | D:3      | 1884 ||| INVOKING Spit Poison.
  1889 | D:3      | 1889 ||| INVOKING Spit Poison.
  1892 | D:3      | 1892 ||| INVOKING Spit Poison.
  2023 | D:3      | 2023 ||| INVOKING Spit Poison.
  2026 | D:3      | 2026 ||| INVOKING Spit Poison.
  2047 | D:3      | 2047 ||| INVOKING Spit Poison.
  2065 | D:3      | Found a hazy altar of Hepliaklqana.
  2065 | D:3      | Noticed Natasha
  2067 | D:3      | 2067 ||| INVOKING Spit Poison.
  2074 | D:3      | 2074 ||| INVOKING Spit Poison.
  2076 | D:3      | Killed Natasha
  2077 | D:3      | Reached XP level 7. HP: 45/63 MP: 7/7
  2234 | D:3      | 2234 ||| UPGRADING to +0 helmet.
  2239 | D:3      | 2239 ||| READING scroll labelled DETAFR BUMMI.
  2240 | D:3      | 2240 ||| READING scroll labelled PEIRHI MAIRGHU.
  2363 | D:4      | 2363 ||| INVOKING Spit Poison.
  2365 | D:4      | 2365 ||| Stepping ~*~*~tactically~*~*~ (outnumbered).
  2370 | D:4      | 2370 ||| INVOKING Spit Poison.
  2375 | D:4      | 2375 ||| INVOKING Spit Poison.
  2380 | D:4      | 2380 ||| INVOKING Spit Poison.
  2383 | D:4      | Reached skill level 1 in Armour
  2440 | D:4      | 2440 ||| INVOKING Spit Poison.
  2445 | D:4      | 2445 ||| INVOKING Spit Poison.
  2450 | D:4      | 2450 ||| INVOKING Spit Poison.
  2685 | D:4      | 2685 ||| INVOKING Spit Poison.
  2690 | D:4      | 2690 ||| INVOKING Spit Poison.
  2694 | D:4      | 2694 ||| INVOKING Spit Poison.
  2695 | D:4      | Reached skill level 7 in Ranged Weapons
  2717 | D:4      | 2717 ||| INVOKING Spit Poison.
  2743 | D:4      | 2743 ||| INVOKING Spit Poison.
  2750 | D:4      | 2750 ||| INVOKING Spit Poison.
  2776 | D:4      | Noticed Edmund
  2777 | D:4      | 2777 ||| INVOKING Spit Poison.
  2780 | D:4      | 2780 ||| INVOKING Spit Poison.
  2784 | D:4      | 2784 ||| INVOKING Spit Poison.
  2789 | D:4      | 2789 ||| INVOKING Spit Poison.
  2794 | D:4      | HP: 11/64 [Edmund/+5 dire flail of protection (7)]
  2795 | D:4      | 2795 ||| READING 3 scrolls of teleportation.
  2796 | D:4      | 2796 ||| INVOKING Spit Poison.
  2796 | D:4      | HP: 3/64 [Edmund/+5 dire flail of protection (3)]
  3111 | D:4      | 3111 ||| INVOKING Spit Poison.
  3112 | D:4      | 3112 ||| INVOKING Spit Poison.
  3116 | D:4      | 3116 ||| INVOKING Spit Poison.
  3199 | D:4      | Found a radiant altar of Vehumet.
  3226 | D:4      | 3226 ||| INVOKING Spit Poison.
  3227 | D:4      | 3227 ||| INVOKING Spit Poison.
  3231 | D:4      | 3231 ||| INVOKING Spit Poison.
  3266 | D:4      | 3266 ||| INVOKING Spit Poison.
  3271 | D:4      | 3271 ||| INVOKING Spit Poison.
  3413 | D:4      | 3413 ||| INVOKING Spit Poison.
  3475 | D:4      | 3475 ||| INVOKING Spit Poison.
  3639 | D:4      | 3639 ||| INVOKING Spit Poison.
  3666 | D:4      | 3666 ||| READING scroll labelled NUSCHE KIV SUO.
  3696 | D:5      | Entered Level 5 of the Dungeon
  3697 | D:5      | 3697 ||| INVOKING Spit Poison.
  3703 | D:5      | 3703 ||| INVOKING Spit Poison.
  3728 | D:5      | 3728 ||| INVOKING Spit Poison.
  3744 | D:5      | 3744 ||| INVOKING Spit Poison.
  3751 | D:5      | Reached XP level 8. HP: 60/72 MP: 8/8
  3791 | D:5      | Found a blossoming altar of Fedhas.
  3817 | D:5      | Found a runed translucent gate.
  3817 | D:5      | Found a runed translucent gate.
  3819 | D:5      | Found a runed translucent gate.
  3821 | D:5      | Noticed qw's ghost (novice MiHu)
  3844 | D:5      | 3844 ||| READING scroll of enchant armour.
  3844 | D:5      | 3844 ||| ENCHANTING +0 pair of gloves.
  3866 | D:5      | Found a snail-covered altar of Cheibriados.
  3883 | D:5      | 3883 ||| INVOKING Spit Poison.
  3886 | D:5      | 3886 ||| INVOKING Spit Poison.
  3908 | D:5      | 3908 ||| Stepping ~*~*~tactically~*~*~ (outnumbered).
  3910 | D:5      | 3910 ||| INVOKING Spit Poison.
  3911 | D:5      | 3911 ||| Stepping ~*~*~tactically~*~*~ (outnumbered).
  3913 | D:5      | 3913 ||| INVOKING Spit Poison.
  3917 | D:5      | 3917 ||| INVOKING Spit Poison.
  3924 | D:5      | 3924 ||| INVOKING Spit Poison.
  4156 | D:5      | 4156 ||| INVOKING Spit Poison.
  4163 | D:5      | 4163 ||| INVOKING Spit Poison.
  4164 | D:5      | Reached skill level 8 in Ranged Weapons
  4225 | D:5      | 4225 ||| INVOKING Spit Poison.
  4229 | D:5      | 4229 ||| INVOKING Spit Poison.
  4445 | D:6      | 4445 ||| INVOKING Spit Poison.
  4470 | D:6      | 4470 ||| INVOKING Spit Poison.
  4477 | D:6      | 4477 ||| INVOKING Spit Poison.
  4481 | D:6      | 4481 ||| INVOKING Spit Poison.
  4525 | D:6      | 4525 ||| INVOKING Spit Poison.
  4532 | D:6      | 4532 ||| INVOKING Spit Poison.
  4537 | D:6      | 4537 ||| INVOKING Spit Poison.
  4538 | D:6      | HP: 18/74 [bullfrog (5)]
  4539 | D:6      | 4539 ||| READING 3 scrolls of teleportation.
  4541 | D:6      | Noticed Pikel
  4544 | D:6      | 4544 ||| READING 2 scrolls of teleportation.
  4545 | D:6      | 4545 ||| INVOKING Spit Poison.
  4545 | D:6      | HP: 8/74 [black bear (7)]
  4580 | D:6      | 4580 ||| READING scroll of teleportation.
  4583 | D:6      | 4583 ||| INVOKING Spit Poison.
  4583 | D:6      | Noticed Menkaure
  4587 | D:6      | HP: 11/74 [Menkaure/nerve-wracking pain (7)]
  4588 | D:6      | 4588 ||| INVOKING Spit Poison.
  4590 | D:6      | HP: 4/74 [Menkaure (8)]
  4591 | D:6      | HP: 1/74 [Pikel/+2 whip of freezing (3)]
  4591 | D:6      | Slain by Pikel

Levels and vault maps discovered:
D:1:      lightli_molten_gateway, layout_rooms, minmay_crystal_room,
          minmay_misc_feat_square, amcnicky_mini_rare_corridor_liquid,
          minmay_misc_feat_secret_circle
D:2:      layout_basic, shapermc_ecumenical_altar_acropolis,
          kennysheep_generic_room_6
D:3:      layout_rooms, nicolae_hepliaklqana_hippocampus,
          nicolae_overflow_crystal_walls, guppyfry_early_orc_mine, uniq_grinder,
          uniq_natasha, uniq_robin, uniq_jessica
D:4:      layout_basic, mainiacjoe_overflow_24_doors, uniq_edmund
D:5:      layout_loops_ring, lemuel_coloured_pillars_altar,
          mainiacjoe_overflow_alcove_1, gammafunk_ghost_split
D:6:      layout_cave_pools, chequers_arboretum, uniq_menkaure, uniq_maggie,
          uniq_pikel

Skill      XL: |  1  2  3  4  5  6  7  8 |
---------------+-------------------------+-----
Ranged Weapons | 4 5 6 7 8 |  8.6
Fighting       | 3 4 5 |  5.2
Armour         | 1 |  1.3
Dodging        | 2 |  2.0
Stealth        | |  1.5

Action                     |  1- 3 |  4- 6 |  7- 9 || total
---------------------------+-------+-------+-------++-------
   Fire: Shortbow          |    46 |   115 |   168 ||   329
Ability: Spit Poison       |    20 |    32 |    51 ||   103
    Use: Scroll            |     4 |     6 |     8 ||    18
         Potion            |     1 |       |       ||     1
 Armour: Leather armour    |     2 |    26 |    42 ||    70
  Dodge: Dodged            |    11 |    33 |    56 ||   100

Table legend:
 A = Non-vault XP
 B = Vault XP
 C = Vault XP percentage of total XP
 D = Non-vault monster count
 E = Vault monster count
 F = Vault count percentage of total count
                 A         B        C        D         E       F
            +---------+---------+-------+---------+---------+-------
      Total |    1464 |     392 |  21.1 |     100 |      24 |  19.4
            +---------+---------+-------+---------+---------+-------
        D:1 |      29 |       0 |   0.0 |      18 |       0 |   0.0
        D:2 |      60 |       5 |   7.7 |      17 |       3 |  15.0
        D:3 |     162 |     387 |  70.5 |      23 |      21 |  47.7
        D:4 |     520 |       0 |   0.0 |      22 |       0 |   0.0
        D:5 |     369 |       0 |   0.0 |      13 |       0 |   0.0
        D:6 |     324 |       0 |   0.0 |       7 |       0 |   0.0
            +---------+---------+-------+---------+---------+-------
